 Dungeon Crawl Stone Soup version 0.24-a0-164-g56e1b8f (console) character file.

Game seed: 843018511493874166

7343 Duffy the Cleaver (level 11, 0/106 HPs)
             Began as a Naga Gladiator on Mar 6, 2019.
             Was an Elder of the Shining One.
             Slain by an eight-headed hydra (5 damage)
             ... on level 11 of the Dungeon.
             The game lasted 00:10:08 (11594 turns).

Duffy the Cleaver (Naga Gladiator)                 Turns: 11594, Time: 00:10:09

Health: 0/106      AC: 11    Str: 17    XL:     11   Next: 13%
Magic:  11/11      EV: 13    Int: 12    God:    the Shining One [****..]
Gold:   849        SH:  0    Dex: 12    Spells: 10/10 levels left

rFire    . . .     SeeInvis +   P - +5 battleaxe
rCold    . . .     Gourm    .   (shield currently unavailable)
rNeg     + + .     Faith    .   S - +0 troll leather armour
rPois    +         Spirit   .   c - +0 helmet
rElec    .         Reflect  .   M - +0 cloak
rCorr    .         Harm     .   k - +1 pair of gloves
MR       +....                  (no barding)
Stlth    +.........             (no amulet)
HPRegen  0.67/turn              i - +2 ring of protection
MPRegen  0.12/turn              l - +3 ring of slaying

@: about to teleport, glowing, very slow
A: large, see invisible, deformed body, poison resistance, slowness 2, slow
metabolism 1, spit poison 1, AC +3
a: Spit Poison, Divine Shield, Cleansing Flame, Renounce Religion


You were on level 11 of the Dungeon.
You worshipped the Shining One.
The Shining One was greatly pleased with you.
You were not hungry.

You visited 2 branches of the dungeon, and saw 12 of its levels.
You also visited: Ossuary.

You collected 849 gold pieces.

Inventory:

Hand Weapons
 a - a +0 war axe
 v - a +0 blowgun
 I - a +2 whip of freezing
 P - a +5 battleaxe (weapon)
Missiles
 d - 3 throwing nets (quivered)
Armour
 c - a +0 helmet (worn)
 k - a +1 pair of gloves (worn)
 A - a +1 leather armour of cold resistance
 M - a +0 cloak (worn)
 S - a +0 troll leather armour (worn)
Jewellery
 g - an uncursed ring of protection from fire
 i - a +2 ring of protection (left hand)
 l - a +3 ring of slaying (right hand)
 w - an uncursed ring of resist corrosion
 C - an uncursed ring of protection from magic
 E - the ring of Ynuojazi {+Blink rElec MR+ Int+4}
   (You found it on level 6 of the Dungeon)

   [ring of protection from magic]

   It affects your intelligence (+4).
   It insulates you from electricity.
   It affects your resistance to hostile enchantments.
   It lets you blink.
Wands
 K - a wand of polymorph (5)
 N - a wand of disintegration (13)
Scrolls
 e - a scroll of magic mapping {unknown}
 j - 7 scrolls of remove curse
 q - 2 scrolls of immolation {unknown}
 t - 3 scrolls of amnesia
 u - 2 scrolls of enchant armour {unknown}
 x - 2 scrolls of fog {unknown}
 y - a scroll of blinking {unknown}
 D - a scroll of summoning {unknown}
 F - a scroll of fear {unknown}
 L - 2 scrolls of vulnerability {unknown}
Potions
 b - 3 potions of resistance
 h - a potion of cancellation
 p - 4 potions of curing
 r - 3 potions of heal wounds
 s - 3 potions of mutation {unknown}
 B - 2 potions of invisibility {unknown}
 G - 2 potions of lignification {unknown}
 H - a potion of brilliance
 J - a potion of degeneration
 O - a potion of haste {unknown}
Comestibles
 f - 15 rations
 n - 2 chunks of flesh


   Skills:
 + Level 9.2 Fighting
 + Level 11.4 Axes
 - Level 1.7 Throwing
 + Level 8.0 Dodging


You had 10 spell levels left.
You didn't know any spells.
Your spell library contained the following spells:

 Spells                   Type           Power        Failure   Level  Hunger
 Poisonous Vapours        Pois/Air       #.....       52%         2    ###....
 Conjure Flame            Conj/Fire      #.......     77%         3    ####...
 Mephitic Cloud           Conj/Pois/Air  #.......     77%         3    ####...
 Freezing Cloud           Conj/Ice/Air   #.........   100%        6    #######
 Ring of Flames           Chrm/Fire      #.........   100%        7    #######


Dungeon Overview and Level Annotations

Branches:
Dungeon (11/15)            Temple (1/1) D:6            Lair (0/6) D:11
    Orc: D:9-12

Altars:
Ashenzari
Cheibriados
Dithmenos
Elyvilon
Fedhas
Gozag
Hepliaklqana
Kikubaaqudgha
Makhleb
Nemelex Xobeh
Okawaru
Qazlal
Ru
Sif Muna
Trog
Uskayaw
Vehumet
Wu Jian
Xom
Yredelemnul
Zin
The Shining One


Innate Abilities, Weirdness & Mutations

You cannot wear boots.
Your serpentine skin is tough. (AC +3)
You have supernaturally acute eyesight. (SInv)
Armour fits poorly on your strangely shaped body.
Your system is resistant to poisons. (rPois)
You cover ground very slowly.
You have a slow metabolism.
You can spit poison.


Message History

The seven-headed hydra bites you!
The seven-headed hydra bites you but does no damage.
The seven-headed hydra bites you.
You chop one of the seven-headed hydra's heads off!
The six-headed hydra grows two more!
You slash the eight-headed hydra!
The eight-headed hydra is lightly wounded.
The eight-headed hydra bites you but does no damage.
The eight-headed hydra bites you!
The eight-headed hydra bites you but does no damage. x3
The eight-headed hydra bites you! x3
As you read the scroll of teleportation, it crumbles to dust.
You feel strangely unstable. The eight-headed hydra bites you!
The eight-headed hydra barely misses you.
The eight-headed hydra bites you. The eight-headed hydra bites you!
The eight-headed hydra barely misses you.
The eight-headed hydra bites you but does no damage. x2
The eight-headed hydra barely misses you.
The eight-headed hydra bites you but does no damage. x2
The eight-headed hydra misses you. The eight-headed hydra bites you.
You die...

........... ###
###.####... #.. ..#
#..'... #.# #.# #.##...
#.#####.#######.# #.#####
#................ #.# #
#######.#######.# #.# #
.......D........# #.#####
########@####.##.###.....#
#................%........
#.######.#....#%########.#
#.# #.#.>.......# #.# #.#
#.......###.# #.# #.#
###.###.# #.#####.# #.#
#.......# #.......# #.#
#.#.##### ######### #.#
#.#.########


You could see an eight-headed hydra.

Vanquished Creatures
  Pikel (D:8)
  An orc knight (D:10)
  2 trolls
  3 hippogriffs
  Sigmund (D:6)
  A vampire (D:10)
  Eustachio (D:4)
  A hungry ghost (D:9)
  Menkaure (D:4)
  2 orc warriors (D:10)
  2 black bears (D:8)
  A slave (D:8)
  4 sky beasts
  6 ice beasts
  A necrophage (D:8)
  6 ogres
  A phantom (D:9)
  3 centaurs
  A crocodile (D:9)
  2 big kobolds
  Blork the orc (D:4)
  4 bullfrogs
  3 scorpions
  A water moccasin skeleton (D:9)
  6 killer bees (D:9)
  5 wights
  5 crimson imps
  4 centaur zombies
  A bullfrog zombie (D:9)
  4 hounds
  A jelly (D:6)
  4 orc priests
  3 bullfrog skeletons
  7 orc wizards
  An iguana (D:11)
  7 worker ants
  A hound zombie (D:9)
  8 mummies (Ossuary)
  Robin (D:4)
  A worker ant zombie (D:6)
  A gnoll (D:7)
  11 adders
  A shadow imp (D:8)
  2 oozes (D:2)
  2 adder skeletons (D:6)
  A worm (D:6)
  2 dart slugs
  5 leopard geckos
  28 orcs
  3 bats
  5 giant cockroaches
  3 gnoll zombies (Ossuary)
  14 goblins
  8 hobgoblins
  10 jackals
  23 kobolds
  A quokka (D:2)
  2 frilled lizards
  3 hobgoblin zombies (Ossuary)
  2 kobold zombies (Ossuary)
  2 leopard gecko skeletons (D:4)
  2 quokka skeletons
  10 rats
250 creatures vanquished.

Vanquished Creatures (others)
  3 slaves (D:8)
3 creatures vanquished.

Grand Total: 253 creatures vanquished

Notes
Turn   | Place    | Note
-------+----------+-------------------------------------------
     0 | D:1      | Duffy the Naga Gladiator began the quest for the Orb.
     0 | D:1      | Reached XP level 1. HP: 19/19 MP: 1/1
   109 | D:1      | Reached XP level 2. HP: 21/26 MP: 2/2
   597 | D:1      | Reached skill level 4 in Axes
   600 | D:1      | Reached XP level 3. HP: 5/32 MP: 3/3
  1584 | D:2      | Reached skill level 5 in Axes
  1584 | D:2      | Reached XP level 4. HP: 32/39 MP: 4/4
  1874 | D:2      | Reached XP level 5. HP: 14/45 MP: 5/5
  2393 | D:3      | Reached skill level 6 in Axes
  3030 | D:3      | Found a faded altar of an unknown god.
  3217 | D:4      | Reached XP level 6. HP: 52/52 MP: 6/6
  3244 | D:4      | Noticed Eustachio
  3277 | D:4      | Killed Eustachio
  3277 | D:4      | Reached skill level 7 in Axes
  3402 | D:4      | Noticed Robin
  3411 | D:4      | Killed Robin
  3780 | D:4      | Reached XP level 7. HP: 22/60 MP: 7/7
  4018 | D:4      | Reached skill level 8 in Axes
  4041 | D:4      | Noticed Blork the orc
  4050 | D:4      | Killed Blork the orc
  4197 | D:4      | Noticed Menkaure
  4204 | D:4      | Killed Menkaure
  4390 | D:5      | Entered Level 5 of the Dungeon
  4403 | D:4      | Reached skill level 9 in Axes
  4449 | D:5      | Reached XP level 8. HP: 57/67 MP: 8/8
  4837 | D:5      | Reached skill level 10 in Axes
  5624 | D:6      | Found a staircase to the Ecumenical Temple.
  5633 | D:6      | Noticed Sigmund
  5645 | D:6      | Killed Sigmund
  5645 | D:6      | Reached XP level 9. HP: 69/78 MP: 9/9
  5659 | Temple   | Entered the Ecumenical Temple
  5868 | Temple   | Became a worshipper of the Shining One
  6087 | D:6      | Reached skill level 5 in Fighting
  6210 | D:6      | Got a bound steel ring
  6212 | D:6      | Identified the ring of Ynuojazi {+Blink rElec MR+ Int+4}
                  | (You found it on level 6 of the Dungeon)
  6328 | D:7      | Reached * piety under the Shining One
  6375 | D:7      | Found a sand-covered staircase.
  6383 | Ossuary  | Entered an ossuary
  6410 | Ossuary  | Reached ** piety under the Shining One
  6950 | D:7      | Reached skill level 5 in Dodging
  7418 | D:8      | Noticed Pikel
  7445 | D:8      | Killed Pikel
  7715 | D:8      | Reached XP level 10. HP: 94/94 MP: 10/10
  8303 | D:8      | Reached *** piety under the Shining One
  9609 | D:9      | Found a stormy altar of Qazlal.
  9750 | D:10     | Entered Level 10 of the Dungeon
 10074 | D:10     | Reached **** piety under the Shining One
 10076 | D:10     | Noticed an orc knight
 10276 | D:9      | Reached skill level 11 in Axes
 10967 | D:10     | Killed an orc knight
 10967 | D:10     | Reached XP level 11. HP: 76/106 MP: 11/11
 11511 | D:11     | Found a staircase to the Lair.
 11586 | D:11     | Noticed a six-headed hydra
 11592 | D:11     | HP: 3/106 [eight-headed hydra (9)]
 11594 | D:11     | Slain by an eight-headed hydra

Levels and vault maps discovered:
D:1:      eino_arrival_water_star, layout_basic, minmay_tree_intersection
D:2:      layout_rooms, grunt_decor_cap
D:3:      layout_rooms, chequers_ecumenical_altar_grove, first_ration,
          minmay_misc_feat_cross
D:4:      layout_basic, uniq_robin, uniq_eustachio, uniq_blork_the_orc,
          uniq_menkaure
D:5:      layout_rooms, skrybe_limestone_x, glass_columns_b
D:6:      layout_rooms, minmay_temple_entry_ruins, kennysheep_dice, uniq_sigmund
D:7:      kennysheep_housing_project, layout_basic, nicolae_ossuary_entry_plus,
          grunt_ogre_cave
D:8:      black_bear_nest_1, layout_basic, columned_hall_lemuel, uniq_pikel
D:9:      layout_irregular_city, grunt_qazlal_clouds
D:10:     layout_cave_pools
D:11:     layout_basic, lair_entry_dummy, uniq_urug
Temple:   kilobyte_greek_temple
Ossuary:  ossuary_tomb_3

Skill      XL: |  1  2  3  4  5  6  7  8  9 10 11 |
---------------+----------------------------------+-----
Axes           | 4 5 6 7 9 10 11 | 11.4
Fighting       | 4 7 9 |  9.2
Dodging        | 4 6 7 8 |  8.0
Throwing       | |  1.7

Action                   |  1- 3 |  4- 6 |  7- 9 | 10-12 || total
-------------------------+-------+-------+-------+-------++-------
Melee: War axe           |   110 |   122 |   288 |   186 ||   706
       Battleaxe         |       |       |       |    69 ||    69
Throw: Throwing net      |       |       |     3 |     4 ||     7
 Abil: Spit Poison       |     5 |     6 |     9 |     1 ||    21
  Use: Scroll            |       |       |     8 |     4 ||    12
       Potion            |       |       |       |     4 ||     4
 Stab: Held in net/web   |       |       |     1 |       ||     1
  Eat: Chunk             |     2 |     5 |     5 |     4 ||    16
       Ration            |       |       |     2 |     2 ||     4
Armor: Leather armour    |    30 |    70 |   101 |   115 ||   316
       Troll leather arm |       |       |       |    17 ||    17
Dodge: Dodged            |    97 |   112 |   155 |   239 ||   603

Table legend:
 A = Non-vault XP
 B = Vault XP
 C = Vault XP percentage of total XP
 D = Non-vault monster count
 E = Vault monster count
 F = Vault count percentage of total count
                 A         B        C        D         E       F
            +---------+---------+-------+---------+---------+-------
      Total |    8767 |    1723 |  16.4 |     214 |      35 |  14.1
            +---------+---------+-------+---------+---------+-------
        D:1 |      56 |       0 |   0.0 |      29 |       0 |   0.0
        D:2 |     126 |       0 |   0.0 |      19 |       0 |   0.0
        D:3 |     133 |       0 |   0.0 |      22 |       0 |   0.0
        D:4 |     430 |     500 |  53.8 |      12 |      13 |  52.0
        D:5 |     830 |       0 |   0.0 |      14 |       0 |   0.0
        D:6 |     477 |     250 |  34.4 |      20 |       3 |  13.0
        D:7 |     805 |      14 |   1.7 |      22 |       1 |   4.3
        D:8 |     903 |     804 |  47.1 |      11 |       2 |  15.4
        D:9 |    2300 |       0 |   0.0 |      26 |       0 |   0.0
       D:10 |    2282 |       0 |   0.0 |      27 |       0 |   0.0
       D:11 |     425 |       0 |   0.0 |      12 |       0 |   0.0
    Ossuary |       0 |     155 | 100.0 |       0 |      16 | 100.0
            +---------+---------+-------+---------+---------+-------
